 Dungeon Crawl Stone Soup version 0.28-a0-10-g964c8b829e (webtiles) character file.

Game seed: 10322607879569539350

1237 flotson the Skirmisher (level 8, -2/62 HPs)
             Began as a Demonspawn Delver on July 26, 2021.
             Was an Initiate of Gozag.
             Hit by a stone thrown by a wight (8 damage)
             ... on level 7 of the Dungeon.
             The game lasted 00:12:43 (9650 turns).

flotson the Skirmisher (Demonspawn Delver)          Turns: 9650, Time: 00:12:43

Health: -2/62      AC:  5    Str: 15    XL:     8   Next: 24%
Magic:  8/8        EV:  9    Int: 11    God:    Gozag
Gold:   281        SH: 18    Dex: 15    Spells: 7/7 levels left

rFire   + . .      SeeInvis +   a - +0 flail (drain)
rCold   . . .      Faith    .   t - +5 tower shield of Lethargy {rElec rPois SInv}
rNeg    . . .      Spirit   .   q - +2 leather armour {rF+}
rPois   +          Reflect  .   (no helmet)
rElec   +          Harm     .   (no cloak)
rCorr   .          Rampage  .   (no gloves)
Will    .....                   (no boots)
Stlth   +++.......              (no amulet)
HPRegen 0.20/turn               v - ring of flight
MPRegen 0.11/turn               (no ring)

@: lethally poisoned (-2 -> -7), flying
A: talons 2, powered by death 1
a: Renounce Religion, Potion Petition, Call Merchant, Bribe Branch


You were on level 7 of the Dungeon.
You worshipped Gozag.
Gozag was aware of your devotion.
You visited 2 branches of the dungeon, and saw 8 of its levels.

You collected 352 gold pieces.
You paid 71 gold pieces to Gozag.

Inventory:

Hand Weapons
 a - a +0 flail of draining (weapon)
 b - a +1 vorpal hand axe
 c - a +0 antimagic spear
Missiles
 h - 182 stones
 o - 24 sling bullets
 w - 37 poisoned darts (quivered)
 x - 3 javelins
Armour
 q - a +2 leather armour of fire resistance (worn)
 t - the +5 tower shield of Lethargy (worn) {rElec rPois SInv}
   (You found it on level 5 of the Dungeon)

   rElec:     It insulates you from electricity.
   rPois:     It protects you from poison.
   SInv:      It lets you see invisible.
Jewellery
 v - a ring of flight (left hand)
Wands
 g - a wand of digging (3)
 y - a wand of paralysis (11)
Scrolls
 e - a scroll of fear
 i - a scroll of amnesia {unknown}
 j - 5 scrolls of identify {unknown}
 k - a scroll of silence {unknown}
 l - 3 scrolls of blinking {unknown}
 m - a scroll of enchant weapon {unknown}
 n - a scroll of enchant armour {unknown}
 r - a scroll of fog
 u - a scroll of holy word {unknown}
Potions
 f - a potion of cancellation
 p - a potion of curing {unknown}
 s - a potion of mutation {unknown}


   Skills:
 + Level 5.1 Fighting
 + Level 4.1 Axes
 + Level 3.1 Throwing
 + Level 3.6 Armour
 + Level 4.2 Dodging
 - Level 4.5 Stealth
 + Level 2.8 Shields
 + Level 0.1 Evocations


You had 7 spell levels left.
You didn't know any spells.
Your spell library contained the following spells:

 Spells                   Type           Power      Damage    Failure   Level
 Magic Dart               Conj           0%         1d3       100%        1
 Searing Ray              Conj           0%         3d3       100%        2
 Fulminant Prism          Conj/Hex       0%         3d6       100%        4


Dungeon Overview and Level Annotations

Branches:
Dungeon (7/15)             Temple (1/1) D:6

Altars:
Dithmenos
Gozag
Ru
Trog
Uskayaw
Vehumet
Yredelemnul

Shops:
D:4 [

Portals:
Bailey: D:7

Annotations:
D:7 Pikel


Innate Abilities, Weirdness & Mutations

You have razor-sharp toenails.
You regenerate a little health from kills.


Message History

You feel sick. The killer bee stings you! You block the killer bee's attack. x2
The killer bee buzzes angrily.
You feel sick.
The ufetubus shouts!
The killer bee stings you. x2; You block the wight's attack.
The killer bee barely misses you. You block the killer bee's attack.
The killer bee stings you.
A howler monkey comes into view.
You feel sick. The killer bee closely misses you.
You block the wight's attack. x2
The killer bee stings you!
Found 6 gold pieces.
Found a flagged portal.
A howler monkey comes into view.
You feel sick.
You are no longer poisoned.
You block the killer bee's attack. The ufetubus completely misses you.
The ufetubus hits you.
* * * LOW HITPOINT WARNING * * *
You block the wight's attack. You block the killer bee's attack.
The ufetubus hits you but does no damage.
The ufetubus hits you.
* * * LOW HITPOINT WARNING * * *
The killer bee stings you!
* * * LOW HITPOINT WARNING * * *
You are poisoned.
The killer bee poisons you!
Okay, then.
Unknown command.
As you read the scroll of fear, it crumbles to dust.
You assume a fearsome visage.
The lemure is unaffected. x2
The howler monkey looks frightened! x2
The howler monkey howls!
The bullfrog zombie is unaffected.
The ufetubus is unaffected.
The wight is unaffected. x5; The ogre looks frightened!
The killer bee looks frightened! x4
* * * LOW HITPOINT WARNING * * *
You feel sick. You block the wight's attack. The ufetubus closely misses you.
You block the ufetubus's attack.
You feel sick.
The wight throws a stone.
The stone hits you!
You die...
Your body crumbles into a pile of gold.

##..........#*******
#............,,,,,,,
#..........#********
***#####.....yO...#
*,,..8.......yz...##
*
*$,..........z...y.#
*
*,8.....8.z..5.y.#.##
*
*,,.......5.zz..5...#
*
*,,.......@#####Z...#
* *8,..∩...8.#
#....## *
*,,........# #..5..##
* *,,........#
#......#####
*,8)..hh8..#
######......
*,,........# #######
*,,..8.....#
***#.......#
*********


You could see an ogre (fleeing), 2 lemures, 2 howler monkeys, 4 killer bees, 5
wights and an ufetubus.

Vanquished Creatures
  Edmund (D:5)
  A water moccasin (D:6)
  A black bear (D:5)
  An ogre (D:6)
  A sky beast (D:6)
  2 necrophages
  A kobold brigand (D:4)
  2 hounds (D:6)
  A jelly (D:6)
  2 orc priests (D:6)
  A scorpion zombie (D:5)
  2 iguanas
  2 orc wizards (D:6)
  A killer bee zombie (D:6)
  A hound skeleton (D:4)
  6 gnolls
  3 adders
  2 ufetubi (D:5)
  An adder skeleton (D:5)
  4 dart slugs
  8 orcs
  3 endoplasms (D:1)
  6 hobgoblins
  15 jackals
  11 kobolds
  3 quokkas
  9 ball pythons
  5 bats
  4 frilled lizards
  3 goblins
  A rat (D:2)
104 creatures vanquished.

Notes
Turn   | Place    | Note
-------+----------+-------------------------------------------
     0 | D:5      | flotson the Demonspawn Delver began the quest for the Orb.
     0 | D:5      | Reached XP level 1. HP: 18/18 MP: 1/1
   348 | D:4      | Found Zaafiy's Armour Boutique.
   643 | D:2      | Gained mutation: You regenerate a little health from kills.
                  | [demonic ancestry]
   643 | D:2      | Reached XP level 2. HP: 24/24 MP: 2/2
   966 | D:1      | Reached skill level 1 in Armour
  1164 | D:1      | Reached XP level 3. HP: 29/29 MP: 3/3
  2001 | D:2      | Found a faded altar of an unknown god.
  2061 | D:1      | Reached XP level 4. HP: 3/35 MP: 4/4
  4179 | D:3      | Reached XP level 5. HP: 21/42 MP: 5/5
  4506 | D:3      | Found a radiant altar of Vehumet.
  5213 | D:5      | Noticed Edmund
  5373 | D:5      | Noticed a necrophage
  5397 | D:4      | Killed a necrophage
  5398 | D:4      | Reached skill level 4 in Fighting
  5398 | D:4      | Reached skill level 1 in Throwing
  5398 | D:4      | Reached XP level 6. HP: 29/48 MP: 6/6
  5642 | D:3      | HP: 2/48 [poisoned by a kobold brigand]
  6063 | D:4      | Reached skill level 1 in Shields
  7116 | D:3      | Found a radiant altar of Vehumet.
  7505 | D:5      | Identified the +5 tower shield of Lethargy {rElec rPois
                  | SInv}
  7938 | D:5      | Killed Edmund
  7939 | D:5      | Gained mutation: You have sharp toenails. [demonic
                  | ancestry]
  7939 | D:5      | Reached XP level 7. HP: 29/55 MP: 7/7
  8406 | D:6      | Found a staircase to the Ecumenical Temple.
  8413 | Temple   | Entered the Ecumenical Temple
  8421 | Temple   | Became a worshipper of Gozag Ym Sagoz the Greedy
  8857 | D:6      | Gained mutation: You have razor-sharp toenails. [demonic
                  | ancestry]
  8857 | D:6      | Reached XP level 8. HP: 60/61 MP: 8/8
  8895 | D:6      | Reached skill level 5 in Fighting
  9626 | D:7      | Noticed Pikel
  9643 | D:7      | Identified the +0 scale mail of the Moon {rC+}
  9647 | D:7      | Found a flagged portal.
  9650 | D:7      | Hit by a stone thrown by a wight

Illustrated notes

Levels and vault maps discovered:
D:1:      ncdulo_lavacross, layout_basic, serial_rivers,
          chequers_serial_rivers_small_b, chequers_serial_rivers_room_b,
          chequers_serial_rivers_micro_d, chequers_serial_rivers_room_b,
          chequers_serial_rivers_micro_c, chequers_serial_rivers_micro_e,
          minmay_pentomino_z2
D:2:      layout_basic, ebering_ecumenical_altar_sacrificial
D:3:      layout_loops_ring, lemuel_coloured_pillars_altar,
          minmay_misc_feat_rugged
D:4:      layout_basic, serial_shops, nicolae_stop_n_shop_1
D:5:      black_bear_nest_1, layout_cave_pools, minivault_4, uniq_edmund
D:6:      layout_loops_ring, temple_fountains
D:7:      layout_rooms, enter_bailey_6, uniq_pikel, uniq_prince_ribbit1,
          uniq_duvessa
Temple:   nicolae_temple_the_god_donut

Skill      XL: |  1  2  3  4  5  6  7  8 |
---------------+-------------------------+-----
Axes           | 2 3 4 |  4.1
Dodging        | 2 3 4 |  4.2
Armour         | 1 2 3 |  3.6
Fighting       | 4 5 |  5.1
Throwing       | 1 2 3 |  3.1
Shields        | 1 2 |  2.8
Stealth        | |  4.5
Evocations     | |  0.1

Action                   |  1- 3 |  4- 6 |  7- 9 || total
-------------------------+-------+-------+-------++-------
Melee: Hand axe          |   147 |   203 |       ||   350
       Spear             |    32 |       |       ||    32
       Dagger            |       |    35 |       ||    35
       Flail             |       |       |    92 ||    92
       Kick              |       |       |    27 ||    27
Throw: Stone             |     9 |     5 |       ||    14
       Dart              |       |    28 |    27 ||    55
  Use: Potion            |       |     6 |       ||     6
       Scroll            |       |     2 |     2 ||     4
 Stab: Sleeping          |     2 |       |     1 ||     3
Armor: Leather armour    |    33 |    16 |    17 ||    66
       Plate armour      |    59 |   187 |       ||   246
Dodge: Dodged            |    73 |    57 |    29 ||   159
Block: Tower shield      |       |    74 |   104 ||   178

Table legend: (Time is in decaauts)
 A = Elapsed time spent in this place.
 B = Non-inter-level travel time spent in this place.
 C = Inter-level travel time spent in this place.
 D = Time resting spent in this place.
 E = Time spent auto-exploring this place.
 F = Levels seen in this place.
 G = Mean time per level.
                   A        B        C        D        E       F      G
               +--------+--------+--------+--------+--------+-----+--------+
         Total |   9839 |   9301 |    538 |   1233 |   6576 |   8 | 1229.9 |
       Dungeon |   9822 |   9292 |    530 |   1233 |   6576 |   7 | 1403.1 |
        Temple |     16 |      8 |      8 |      0 |      0 |   1 |   16.0 |
               +--------+--------+--------+--------+--------+-----+--------+

Top non-repeatable levels by time:
     D:3: 2661 daAuts
     D:4: 1807 daAuts
     D:5: 1484 daAuts
     D:6: 1449 daAuts
     D:1: 1437 daAuts
     D:2: 958 daAuts
     D:7: 25 daAuts
  Temple: 16 daAuts
